 Dungeon Crawl Stone Soup version 0.31-a0-232-gb1c03b2570 (webtiles) character file.

Game seed: 12803644788175841547

27975 qw the Marksgargoyle (level 13, -2/82 HPs)
             Began as a Gargoyle Hexslinger on July 7, 2023.
             Was a High Priest of Okawaru.
             Killed from afar by a rime drake (31 damage)
             ... with an icy flash freeze
             ... on level 2 of the Lair of Beasts.
             The game lasted 00:05:50 (11126 turns).

qw the Marksgargoyle (Gargoyle Hexslinger)         Turns: 11126, Time: 00:05:50

Health: -2/82      AC: 26    Str: 15    XL:     13   Next: 35%
Magic:  15/20      EV: 28    Int: 14    God:    Okawaru [*****.]
Gold:   1498       SH:  5    Dex: 25    Spells: 13/14 levels left

rFire   . . .        Y - +0 arbalest
rCold   . . .        (shield currently unavailable)
rNeg    + + .        u - +0 steam dragon scales
rPois   inf          c - +0 helmet
rElec   +            b - +0 cloak
rCorr   .            d - +1 pair of gloves {infuse}
SInv    .            j - +2 pair of boots
Will    .....        g - amulet of reflection
Stlth   +++          l - ring "Jilatic" {Drain rN+ Will- Str+2 Dex+9}
HPRegen 0.33/turn    v - +5 ring of evasion
MPRegen 0.17/turn

%: reflection, infuse magic (1 MP)
@: heroic, finesse-ful
A: sickness immunity, AC +9, negative energy resistance 1, electricity
resistance, torment resistance 1, petrification resistance
a: Renounce Religion, Heroism, Finesse, Duel


You were on level 2 of the Lair of Beasts.
You worshipped Okawaru.
Okawaru was extremely pleased with you.
You visited 2 branches of the dungeon, and saw 13 of its levels.
You also visited: Sewer.

You collected 1956 gold pieces.
You spent 458 gold pieces at shops.


Innate Abilities, Weirdness & Mutations

You are immune to sickness and miasma.
Your stone body is resilient. (AC +9)
You are immune to poison.
You resist negative energy. (rN+)
You are resistant to electric shocks. (rElec)
You are resistant to unholy torment.
You are immune to petrification.


   Skills:
 - Level 10.0(15.0) Fighting
 + Level 15.5(20.5) Ranged Weapons
 - Level 6.0(11.0) Armour
 - Level 7.1(12.1) Dodging
 - Level 1.0 Spellcasting
 - Level 2.6 Hexes
 - Level 10.0 Invocations


You had 13 spell levels left.
You knew the following spells:

 Your Spells              Type           Power      Damage    Failure   Level
a - Slow                  Hex            32%        N/A       9%          1

Your spell library contained the following spells:

 Spells                   Type           Power      Damage    Failure   Level
 Inner Flame              Hex/Fire       4%         N/A       41%         3
 Portal Projectile        Hex/Tloc       8%         N/A       41%         3
 Cause Fear               Hex            4%         N/A       65%         4

Inventory:

Hand Weapons
 Y - a +0 arbalest (weapon)
Armour
 b - a +0 cloak (worn)
 c - a +0 helmet (worn)
 d - a +1 pair of gloves of infusion (worn)
 j - a +2 pair of boots (worn)
 u - +0 steam dragon scales (worn)
Jewellery
 g - an amulet of reflection (around neck)
 l - the ring "Jilatic" (left hand) {Drain rN+ Will- Str+2 Dex+9}
   (You took it off an orc on level 8 of the Dungeon)

   [ring of positive energy]

   Str:       It affects your strength (+2).
   Dex:       It affects your dexterity (+9).
   rN:        It protects you from negative energy.
   Drain:     It drains your maximum health when unequipped.
   Will:      It decreases your willpower.
 v - a +5 ring of evasion (right hand)
Wands
 q - a wand of digging (7)
Scrolls
 e - 2 scrolls of identify
 n - a scroll of enchant armour {unknown}
 o - a scroll of enchant weapon {unknown}
 p - 2 scrolls of teleportation
Potions
 a - a potion of resistance
 f - 5 potions of curing
 h - 3 potions of haste
 i - a potion of enlightenment
 k - a potion of might
 m - a potion of cancellation

Dungeon Overview and Level Annotations

Branches:
Dungeon (11/15)            Temple (0/1) D:5            Lair (2/5) D:11
  Sewer (visited)
  Swamp: Lair:2-3    Shoals: Lair:2-3     Snake: Lair:2-3    Spider: Lair:2-3
    Orc: D:9-12

Altars:
Dithmenos
Elyvilon
Kikubaaqudgha
Makhleb
Okawaru
Wu Jian

Shops:
D:3 *   D:7 ==*

Portals:
Trove: D:11 (give +5 demon blade)

Annotations:
D:3 1 runed translucent door, Crazy Yiuf
D:5 3 runed translucent doors, qw's ghost, amateur MiHs
D:8 1 runed translucent door, qw's ghost, novice GrHs


Message History

The death yak gores you but does no damage.
The yak misses you. x2; The yak completely misses you.
You shoot a bolt. The bolt hits the yak.
The yak is severely wounded.
The rime drake completely misses you.
You shoot a bolt. The bolt barely misses the yak.
You block the death yak's attack. You block the yak's attack.
The yak misses you. The yak closely misses you.
The yak gores you but does no damage.
You shoot a bolt. The bolt completely misses the yak.
The rime drake misses you.
You shoot a bolt. The bolt hits the yak!
The yak is almost dead.
The death yak gores you but does no damage.
The yak barely misses you. You block the yak's attack.
The yak closely misses you. The yak misses you.
You shoot a bolt. The bolt completely misses the yak.
The rime drake barely misses you.
You shoot a bolt. The bolt closely misses the yak.
The death yak completely misses you. The yak gores you!
You block the yak's attack. The yak completely misses you.
The yak barely misses you. You block the rime drake's attack.
You shoot a bolt.
The bolt hits the yak but does no damage.
The yak is almost dead.
You shoot a bolt. The bolt hits the yak!!!
You kill the yak!
Okawaru accepts your kill.
The death yak gores you but does no damage.
The yak completely misses you. x2; The yak gores you!
The rime drake bites you.
You shoot a bolt. The bolt hits the yak!!!
The yak is almost dead.
You feel like a meek peon again.
11126 ||| INVOKING Heroism.
You gain the combat prowess of a mighty hero.
The rime drake bites you but does no damage.
The death yak gores you. The yak closely misses you. The yak misses you. x2
The rime drake breathes ice at you. The icy flash freeze hits you!!
You die...

.....P.P.....)...................
.................................
.............##..................
............###....##............
.........P### ##...###........#P.
...#.P#...# #........#..#P##...
.....###..#####........##### #...
.....####.##.##.%Y.....# ##..
......##.......#@Y.....#
......#.....P#.YkY.....#
.....P.....P.#....%..~~.
.....................~~~
......................~#
........####...#......~.
.....P.##..#.........~~#
...###.#...##.........~~ ...
#..##.##..........~


You could see a death yak, 3 yaks and a rime drake (catching breath).

Vanquished Creatures
  Gastronok (D:11)
  3 boulder beetles
  A two-headed ogre (D:11)
  4 death yaks (Lair:2)
  Sonja (Lair:2)
  Pikel (D:5)
  3 harpies (Lair:2)
  A gargoyle (D:11)
  3 cane toads
  A rime drake (Lair:1)
  2 komodo dragons
  2 polar bears (Lair:2)
  A hornet (D:9)
  A queen bee (Lair:2)
  17 blink frogs
  6 wyverns
  32 yaks
  3 steam dragons
  6 basilisks
  Menkaure (D:4)
  3 water moccasins
  3 orc warriors
  3 ogres
  17 wolves
  2 black bears
  A lemure (D:5)
  A phantom (D:7)
  2 kobold brigands
  8 bullfrogs
  5 scorpions
  5 wights (D:9)
  50 killer bees
  3 howler monkeys
  A hound (D:6)
  2 jellies
  3 gnoll boudas
  11 orc priests
  4 iguanas
  11 orc wizards
  16 gnolls
  9 adders
  A river rat (D:3)
  3 white imps
  5 ufetubi
  2 worms
  40 orcs
  9 ball pythons
  2 endoplasms
  12 giant cockroaches
  9 goblins
  6 hobgoblins
  2 jackals (D:5)
  19 kobolds
  7 quokkas
  2 bats (D:2)
  7 frilled lizards
  7 rats
383 creatures vanquished.

Notes
Turn   | Place    | Note
-------+----------+-------------------------------------------
     0 | D:1      | qw the Gargoyle Hexslinger began the quest for the Orb.
     0 | D:1      | Reached XP level 1. HP: 12/12 MP: 2/2
     0 | D:1      | 0 ||| qw: Version: 0.3-a-46-gb1f654a
     0 | D:1      | 0 ||| qw: Game counter: 2576
     0 | D:1      | 0 ||| qw: Melee chars always use a shield: true
     0 | D:1      | 0 ||| qw: God list: Okawaru
     0 | D:1      | 0 ||| qw: Allow faded altars: false
     0 | D:1      | 0 ||| qw: Do Orc after clearing Dungeon:15 true
     0 | D:1      | 0 ||| qw: Do second Lair branch before Depths: true
     0 | D:1      | 0 ||| qw: Lair rune preference: random
     0 | D:1      | 0 ||| qw: Goals: Normal
     0 | D:1      | 0 ||| PLANNING D:1-11
    81 | D:1      | Reached XP level 2. HP: 9/16 MP: 3/3
   351 | D:1      | Reached skill level 3 in Ranged Weapons
   765 | D:1      | 765 ||| UPGRADING to +0 leather armour.
   775 | D:1      | 775 ||| DROPPING +0 robe.
   776 | D:1      | 776 ||| UPGRADING to +2 pair of boots.
   781 | D:1      | 781 ||| READING scroll labelled YHEVIOQ KAIFI.
   782 | D:1      | 782 ||| READING scroll labelled IGHEZA PACI.
   783 | D:1      | 783 ||| READING scroll labelled IJIVVI TUPENKU.
   784 | D:1      | 784 ||| READING scroll labelled EVEONI GUTIAXY.
   785 | D:1      | 785 ||| DRINKING 2 murky white potions.
   786 | D:1      | 786 ||| DROPPING scroll of poison.
   841 | D:2      | Found a burning altar of Makhleb.
   898 | D:2      | Reached XP level 3. HP: 21/21 MP: 4/4
  1260 | D:2      | Reached XP level 4. HP: 26/26 MP: 5/5
  1410 | D:2      | 1410 ||| UPGRADING to +0 ring mail.
  1420 | D:2      | 1420 ||| DROPPING +0 leather armour.
  1421 | D:2      | 1421 ||| READING scroll labelled JAHOCEYTAKH.
  1422 | D:2      | 1422 ||| READING scroll labelled LAUXOQ FIQOME.
  1423 | D:2      | 1423 ||| READING 2 scrolls of identify.
  1423 | D:2      | 1423 ||| IDENTIFYING sedimented grey potion
  1451 | D:3      | 1451 ||| PLANNING SEWER
  1491 | D:3      | Found an iron altar of Okawaru.
  1578 | D:3      | 1578 ||| Stepping ~*~*~tactically~*~*~ (outnumbered).
  1602 | D:3      | HP: 6/26 [orc/+0 whip (4)]
  1608 | D:3      | HP: 3/26 [orc/+0 whip (5)]
  1640 | D:3      | 1640 ||| FLEEEEING.
  1641 | D:3      | 1641 ||| FLEEEEING.
  1642 | D:3      | 1642 ||| STAIRDANCE
  1745 | D:3      | Reached skill level 4 in Ranged Weapons
  1759 | D:3      | 1759 ||| FLEEEEING.
  1804 | D:3      | Reached XP level 5. HP: 30/30 MP: 6/6
  1812 | D:3      | Found a glowing drain.
  1813 | D:3      | 1813 ||| Stepping ~*~*~tactically~*~*~ (water).
  1824 | Sewer    | Entered a sewer
  1843 | Sewer    | 1843 ||| Stepping ~*~*~tactically~*~*~ (water).
  1900 | Sewer    | 1900 ||| Stepping ~*~*~tactically~*~*~ (water).
  2000 | Sewer    | 2000 ||| Stepping ~*~*~tactically~*~*~ (water).
  2135 | Sewer    | 2135 ||| READING scroll labelled BYGALO IKIYH.
  2138 | Sewer    | 2138 ||| READING scroll labelled JADDUF RORASETS.
  2139 | Sewer    | 2139 ||| READING scroll labelled CUGA CUCZOKYCVY.
  2140 | Sewer    | 2140 ||| DRINKING 2 bubbling yellow potions.
  2141 | Sewer    | 2141 ||| READING 2 scrolls of identify.
  2141 | Sewer    | 2141 ||| IDENTIFYING purple potion
  2142 | Sewer    | 2142 ||| DROPPING potion of berserk rage.
  2174 | D:3      | 2174 ||| PLANNING OKAWARU WORSHIP
  2239 | D:3      | Became a worshipper of Warmaster Okawaru
  2240 | D:3      | 2240 ||| PLANNING D:1-11
  2430 | D:3      | Reached skill level 5 in Ranged Weapons
  2518 | D:3      | Found Uqeug's General Store.
  2522 | D:3      | 2522 ||| BUYING potion of curing (33 gold).
  2522 | D:3      | Bought a potion of curing for 33 gold pieces
  2522 | D:3      | 2522 ||| BUYING potion of haste (110 gold).
  2522 | D:3      | Bought a potion of haste for 110 gold pieces
  2637 | D:3      | Found a runed translucent door.
  2638 | D:3      | Noticed Crazy Yiuf
  2787 | D:3      | 2787 ||| UPGRADING to +0 helmet.
  2792 | D:3      | 2792 ||| DRINKING 2 coppery potions.
  2835 | D:4      | Reached XP level 6. HP: 34/36 MP: 7/7
  2841 | D:4      | Reached skill level 3 in Fighting
  3007 | D:4      | Noticed Menkaure
  3019 | D:4      | Killed Menkaure
  3020 | D:4      | Reached skill level 6 in Ranged Weapons
  3020 | D:4      | Reached XP level 7. HP: 11/41 MP: 8/8
  3051 | D:4      | 3051 ||| FLEEEEING.
  3053 | D:4      | 3053 ||| FLEEEEING.
  3054 | D:4      | 3054 ||| FLEEEEING.
  3056 | D:4      | 3056 ||| FLEEEEING.
  3072 | D:4      | 3072 ||| FLEEEEING.
  3073 | D:4      | 3073 ||| FLEEEEING.
  3101 | D:4      | 3101 ||| FLEEEEING.
  3258 | D:4      | 3258 ||| SWAPPING to +0 arbalest.
  3259 | D:4      | 3259 ||| DROPPING +1 sling of draining.
  3570 | D:4      | 3570 ||| UPGRADING to ring of positive energy.
  3571 | D:4      | 3571 ||| DRINKING 2 blue potions.
  3572 | D:4      | 3572 ||| DRINKING 2 sedimented purple potions.
  3573 | D:4      | 3573 ||| DROPPING potion of brilliance.
  3602 | D:5      | Entered Level 5 of the Dungeon
  3657 | D:5      | Reached * piety under Okawaru
  3777 | D:5      | Noticed Pikel
  3778 | D:5      | 3778 ||| INVOKING Heroism.
  3779 | D:5      | 3779 ||| INVOKING Heroism.
  3790 | D:5      | Killed Pikel
  3791 | D:5      | Reached skill level 8 in Ranged Weapons
  3791 | D:5      | Reached XP level 8. HP: 23/48 MP: 7/9
  3885 | D:5      | Found a staircase to the Ecumenical Temple.
  3962 | D:5      | Reached ** piety under Okawaru
  4000 | D:5      | 4000 ||| INVOKING Heroism.
  4007 | D:5      | Reached skill level 1 in Invocations
  4010 | D:5      | 4010 ||| FLEEEEING.
  4011 | D:5      | 4011 ||| FLEEEEING.
  4012 | D:5      | 4012 ||| FLEEEEING.
  4013 | D:5      | 4013 ||| FLEEEEING.
  4014 | D:5      | 4014 ||| FLEEEEING.
  4015 | D:5      | 4015 ||| INVOKING Heroism.
  4025 | D:5      | 4025 ||| FLEEEEING.
  4026 | D:5      | 4026 ||| FLEEEEING.
  4027 | D:5      | 4027 ||| FLEEEEING.
  4028 | D:5      | 4028 ||| FLEEEEING.
  4029 | D:5      | 4029 ||| FLEEEEING.
  4181 | D:5      | Noticed qw's ghost (amateur MiHs)
  4201 | D:5      | 4201 ||| INVOKING Heroism.
  4228 | D:5      | Found a runed translucent gate.
  4228 | D:5      | Found a runed translucent gate.
  4228 | D:5      | Found a runed translucent gate.
  4594 | D:5      | 4594 ||| UPGRADING to +1 robe of willpower.
  4651 | D:6      | Found an ancient bone altar of Kikubaaqudgha.
  4710 | D:6      | Reached skill level 3 in Invocations
  4715 | D:6      | 4715 ||| INVOKING Heroism.
  4776 | D:6      | 4776 ||| INVOKING Heroism.
  4782 | D:6      | Reached skill level 9 in Ranged Weapons
  4782 | D:6      | Reached XP level 9. HP: 30/54 MP: 8/12
  4792 | D:6      | 4792 ||| INVOKING Heroism.
  4994 | D:6      | Reached skill level 6 in Fighting
  5041 | D:6      | 5041 ||| INVOKING Heroism.
  5196 | D:6      | 5196 ||| INVOKING Heroism.
  5323 | D:6      | 5323 ||| DROPPING +0 ring mail.
  5324 | D:6      | 5324 ||| UPGRADING to +0 steam dragon scales.
  5334 | D:6      | 5334 ||| DROPPING +1 robe of willpower.
  5335 | D:6      | 5335 ||| UPGRADING to +5 ring of evasion.
  5336 | D:6      | 5336 ||| READING scroll labelled ENLYHENEUC.
  5337 | D:6      | 5337 ||| READING 3 scrolls of identify.
  5337 | D:6      | 5337 ||| IDENTIFYING lumpy amethyst potion
  5338 | D:6      | 5338 ||| READING 2 scrolls of identify.
  5338 | D:6      | 5338 ||| IDENTIFYING puce potion
  5339 | D:6      | 5339 ||| DROPPING potion of ambrosia.
  5384 | D:7      | Found Xaphiali's Jewellery Shoppe.
  5384 | D:7      | Found Jaf Sujo's Jewellery Shoppe.
  5384 | D:7      | Found Paloodel's Assorted Antiques.
  5386 | D:7      | 5386 ||| SHOPLISTING +4 ring of protection (576 gold, have
                  | 188).
  5386 | D:7      | 5386 ||| SHOPLISTING +4 ring of slaying (1248 gold, have
                  | 188).
  5386 | D:7      | 5386 ||| SHOPLISTING +6 ring of dexterity (576 gold, have
                  | 188).
  5386 | D:7      | 5386 ||| SHOPLISTING amulet of reflection (480 gold, have
                  | 188).
  5386 | D:7      | 5386 ||| SHOPLISTING ring of fire (400 gold, have 188).
  5386 | D:7      | 5386 ||| SHOPLISTING ring of resist corrosion (320 gold,
                  | have 188).
  5461 | D:7      | 5461 ||| INVOKING Heroism.
  5469 | D:7      | 5469 ||| Stepping ~*~*~tactically~*~*~ (outnumbered).
  5572 | D:7      | 5572 ||| SHOPLISTING +6 ring of strength (540 gold, have
                  | 188).
  5572 | D:7      | 5572 ||| SHOPLISTING ring "Puowkois" {rElec Int+3 SInv}
                  | (529 gold, have 188).
  5572 | D:7      | 5572 ||| SHOPLISTING ring "Ylao" {+Blink rPois Int+2 Dex-2
                  | Slay+4} (1443 gold, have 188).
  5572 | D:7      | 5572 ||| SHOPLISTING ring of protection from fire (375
                  | gold, have 188).
  5722 | D:7      | 5722 ||| Stepping ~*~*~tactically~*~*~ (outnumbered).
  5814 | D:7      | 5814 ||| FLEEEEING.
  5826 | D:7      | 5826 ||| INVOKING Heroism.
  5869 | D:7      | 5869 ||| INVOKING Heroism.
  5875 | D:7      | Reached skill level 10 in Ranged Weapons
  5944 | D:7      | 5944 ||| INVOKING Heroism.
  5950 | D:7      | Reached skill level 3 in Dodging
  5969 | D:7      | 5969 ||| INVOKING Heroism.
  6191 | D:7      | 6191 ||| UPGRADING to +4 ring of slaying {mikee}.
  6193 | D:7      | 6193 ||| DROPPING ring of positive energy.
  6194 | D:7      | 6194 ||| READING 2 scrolls of identify.
  6194 | D:7      | 6194 ||| IDENTIFYING smoky emerald potion
  6195 | D:7      | 6195 ||| DROPPING potion of lignification.
  6242 | D:8      | Reached skill level 3 in Armour
  6250 | D:8      | 6250 ||| INVOKING Heroism.
  6273 | D:8      | HP: 14/56 [killer bee (5)]
  6274 | D:8      | 6274 ||| READING 2 scrolls of teleportation.
  6275 | D:8      | 6275 ||| DRINKING potion of heal wounds.
  6276 | D:8      | 6276 ||| INVOKING Heroism.
  6369 | D:8      | 6369 ||| INVOKING Heroism.
  6384 | D:8      | Found a runed translucent door.
  6387 | D:8      | Noticed qw's ghost (novice GrHs)
  6392 | D:8      | Found a white marble altar of Elyvilon.
  6425 | D:8      | Identified the ring "Jilatic" {Drain rN+ Will- Str+2 Dex+9}
  6426 | D:8      | 6426 ||| Stepping ~*~*~tactically~*~*~ (outnumbered).
  6428 | D:8      | 6428 ||| Stepping ~*~*~tactically~*~*~ (outnumbered).
  6430 | D:8      | 6430 ||| INVOKING Heroism.
  6449 | D:8      | 6449 ||| UPGRADING to ring "Jilatic" {Drain rN+ Will- Str+2
                  | Dex+9}.
  6457 | D:8      | 6457 ||| DROPPING +4 ring of slaying {mikee}.
  6458 | D:8      | 6458 ||| READING scroll labelled JUGGIO NASAECW.
  6530 | D:8      | You fall into a shaft and drop 3 floors!
  6534 | D:11     | Found a portal to a secret trove of treasure.
  6549 | D:11     | Reached XP level 10. HP: 60/63 MP: 13/13
  6553 | D:11     | Reached skill level 11 in Ranged Weapons
  6606 | D:11     | Found a staircase to the Lair.
  6693 | D:11     | Found a shadowy altar of Dithmenos.
  6817 | D:11     | Noticed a boulder beetle
  6818 | D:11     | 6818 ||| INVOKING Heroism.
  6831 | D:11     | Killed a boulder beetle
  6850 | D:11     | Noticed a two-headed ogre
  6851 | D:11     | 6851 ||| INVOKING Heroism.
  6853 | D:11     | Noticed a gargoyle
  6856 | D:11     | Killed a two-headed ogre
  6859 | D:11     | Killed a gargoyle
  6915 | D:11     | 6915 ||| UPGRADING to +0 cloak.
  6920 | D:11     | 6920 ||| READING 2 scrolls of identify.
  6920 | D:11     | 6920 ||| IDENTIFYING lumpy grey potion
  6921 | D:11     | 6921 ||| DROPPING potion of invisibility.
  6928 | D:10     | Entered Level 10 of the Dungeon
  6973 | D:10     | Reached *** piety under Okawaru
  6987 | D:10     | Reached skill level 12 in Ranged Weapons
  7013 | D:10     | Noticed a boulder beetle
  7014 | D:10     | 7014 ||| INVOKING Heroism.
  7023 | D:10     | Killed a boulder beetle
  7053 | D:10     | 7053 ||| Stepping ~*~*~tactically~*~*~ (outnumbered).
  7057 | D:10     | 7057 ||| Stepping ~*~*~tactically~*~*~ (outnumbered).
  7065 | D:10     | Reached XP level 11. HP: 50/69 MP: 14/14
  7066 | D:10     | 7066 ||| INVOKING Heroism.
  7155 | D:10     | Identified the +1 plate armour "Synwoomo" {rN+}
  7245 | D:9      | 7245 ||| INVOKING Heroism.
  7411 | D:9      | 7411 ||| INVOKING Heroism.
  7555 | D:9      | 7555 ||| READING scroll labelled FAIDYT SOGUATI.
  7555 | D:9      | Identified a scroll of acquirement
  7555 | D:9      | 7555 ||| ACQUIRING 1231 gold pieces
  7555 | D:9      | Acquired 1231 gold pieces
  7719 | D:8      | 7719 ||| FLEEEEING.
  7720 | D:8      | 7720 ||| FLEEEEING.
  7784 | D:8      | 7784 ||| INVOKING Heroism.
  7810 | D:8      | Found an ornate altar of the Wu Jian Council.
  7846 | D:8      | 7846 ||| Stepping ~*~*~tactically~*~*~ (outnumbered).
  7848 | D:8      | 7848 ||| Stepping ~*~*~tactically~*~*~ (outnumbered).
  7850 | D:8      | 7850 ||| Stepping ~*~*~tactically~*~*~ (outnumbered).
  7852 | D:8      | 7852 ||| Stepping ~*~*~tactically~*~*~ (outnumbered).
  7860 | D:8      | Reached skill level 13 in Ranged Weapons
  8002 | D:8      | 8002 ||| Stepping ~*~*~tactically~*~*~ (outnumbered).
  8157 | D:8      | 8157 ||| UPGRADING to amulet of reflection.
  8162 | D:8      | 8162 ||| READING 3 scrolls of identify.
  8162 | D:8      | 8162 ||| IDENTIFYING orange potion
  8163 | D:8      | 8163 ||| READING 2 scrolls of identify.
  8163 | D:8      | 8163 ||| IDENTIFYING metallic yellow potion
  8164 | D:8      | 8164 ||| DROPPING potion of attraction.
  8165 | D:8      | 8165 ||| DROPPING potion of degeneration.
  8414 | D:8      | 8414 ||| INVOKING Heroism.
  8461 | D:7      | Reached skill level 9 in Fighting
  8462 | D:7      | 8462 ||| SHOPLISTING +0 mask of the Dragon {Will+ Slay+3
                  | SInv} (1002 gold, have 378).
  8462 | D:7      | 8462 ||| BUYING pair of glowing gloves (225 gold).
  8462 | D:7      | Bought a pair of glowing gloves for 225 gold pieces
  8462 | D:7      | 8462 ||| SHOPLISTING potion of haste (300 gold, have 153).
  8462 | D:7      | 8462 ||| BUYING scroll of teleportation (90 gold).
  8462 | D:7      | Bought a scroll of teleportation for 90 gold pieces
  8462 | D:7      | 8462 ||| PLANNING LAIR
  8462 | D:7      | 8462 ||| UPGRADING to +1 pair of gloves of infusion.
  8779 | Lair:1   | Entered Level 1 of the Lair of Beasts
  8784 | Lair:1   | Noticed Gastronok
  8785 | Lair:1   | 8785 ||| INVOKING Heroism.
  8810 | Lair:1   | 8810 ||| STAIRDANCE
  8816 | D:11     | Reached **** piety under Okawaru
  8818 | D:11     | 8818 ||| INVOKING Heroism.
  8827 | D:11     | Reached skill level 6 in Dodging
  8908 | Lair:1   | 8908 ||| INVOKING Heroism.
  8917 | Lair:1   | 8917 ||| STAIRDANCE
  9081 | Lair:1   | 9081 ||| INVOKING Heroism.
  9089 | Lair:1   | HP: 12/71 [Gastronok/the air (33)]
  9090 | Lair:1   | 9090 ||| STAIRDANCE
  9092 | D:11     | 9092 ||| READING 2 scrolls of teleportation.
  9093 | D:11     | Killed Gastronok
  9390 | Lair:1   | 9390 ||| INVOKING Heroism.
  9502 | Lair:1   | 9502 ||| INVOKING Heroism.
  9526 | Lair:1   | Reached skill level 14 in Ranged Weapons
  9530 | Lair:1   | Reached XP level 12. HP: 76/76 MP: 14/16
  9586 | Lair:1   | 9586 ||| INVOKING Heroism.
  9607 | Lair:1   | Reached skill level 6 in Invocations
  9613 | Lair:1   | Noticed a boulder beetle
  9614 | Lair:1   | 9614 ||| INVOKING Heroism.
  9639 | Lair:1   | Killed a boulder beetle
  9639 | Lair:1   | Reached ***** piety under Okawaru
  9939 | Lair:1   | 9939 ||| INVOKING Heroism.
 10134 | Lair:1   | 10134 ||| DROPPING +4 ring of protection.
 10135 | Lair:1   | 10135 ||| DROPPING ring of resist corrosion.
 10279 | Lair:2   | Noticed Sonja
 10280 | Lair:2   | 10280 ||| INVOKING Finesse.
 10285 | Lair:2   | Killed Sonja
 10337 | Lair:2   | 10337 ||| FLEEEEING.
 10338 | Lair:2   | 10338 ||| FLEEEEING.
 10339 | Lair:2   | 10339 ||| FLEEEEING.
 10340 | Lair:2   | 10340 ||| FLEEEEING.
 10341 | Lair:2   | 10341 ||| FLEEEEING.
 10342 | Lair:2   | 10342 ||| STAIRDANCE
 10377 | Lair:2   | 10377 ||| INVOKING Heroism.
 10401 | Lair:2   | 10401 ||| INVOKING Heroism.
 10509 | Lair:2   | Received a gift from Okawaru
 10521 | Lair:2   | 10521 ||| INVOKING Heroism.
 10534 | Lair:2   | Reached skill level 9 in Invocations
 10538 | Lair:2   | 10538 ||| INVOKING Heroism.
 10555 | Lair:2   | 10555 ||| INVOKING Heroism.
 10583 | Lair:2   | 10583 ||| INVOKING Heroism.
 10586 | Lair:2   | Reached skill level 15 in Ranged Weapons
 10819 | Lair:2   | 10819 ||| INVOKING Heroism.
 10843 | Lair:2   | Received a gift from Okawaru
 10844 | Lair:2   | Reached XP level 13. HP: 54/82 MP: 20/20
 10851 | Lair:2   | Reached skill level 6 in Armour
 10855 | Lair:2   | 10855 ||| INVOKING Heroism.
 10948 | Lair:2   | 10948 ||| INVOKING Heroism.
 11075 | Lair:2   | 11075 ||| INVOKING Heroism.
 11077 | Lair:2   | 11077 ||| INVOKING Finesse.
 11103 | Lair:2   | Received a gift from Okawaru
 11126 | Lair:2   | 11126 ||| INVOKING Heroism.
 11126 | Lair:2   | Killed from afar by a rime drake

Levels and vault maps discovered:
D:1:      matt_arrival_grand_opening, layout_basic,
          minmay_misc_feat_four_crosses, minmay_indecisive_spiral
D:2:      minmay_roachtagon, layout_basic, basic_altar, nrook_loot_triangle
D:3:      layout_loops_ring, okawaru_ov_weapons_minmay, portal_sewer_entry_e,
          serial_shops, shop, chequers_serial_rivers_small_3, dk_noncrumbling_4,
          uniq_crazy_yiuf_cottage
D:4:      layout_loops_ring, uniq_menkaure
D:5:      layout_loops_ring, temple_doors_e, gammafunk_ghost_icy,
          supply_closet_lemuel, uniq_pikel
D:6:      layout_basic, overflow_temple_1_default,
          nicolae_kite_square_tiling_tiny
D:7:      layout_loops_ring, minmay_misc_feat_hallway,
          nicolae_shop_distant_corner_stores
D:8:      layout_loops_corners, mainiacjoe_overflow_catch_the_wave,
          hellmonk_ghost_happy_afterlife, serial_aquarium,
          aquarium_bridge_straight [aquarium_subvault_bridge,
          aquarium_subvault_wall, aquarium_subvault_bridge,
          aquarium_subvault_window], aquarium_window_1, aquarium_window_1,
          aquarium_view_2d, aquarium_view_2c
D:9:      layout_roguey, uniq_harold
D:10:     layout_basic, xom_teletrap_fun, interstate_on_off,
          minmay_misc_feat_tiny
D:11:     layout_loops_ring, david_lair_generic, enter_trove_0, serial_rivers,
          chequers_serial_rivers_micro_a, chequers_serial_rivers_small_3,
          chequers_serial_rivers_small_b, chequers_serial_rivers_marsh,
          chequers_serial_rivers_micro_b, nicolae_dithmenos_the_darkroom
Lair:1:   layout_regular_city, lemuel_fruit_fields, grunt_megastairs_2,
          uniq_gastronok
Lair:2:   layout_gridlike, nicolae_shoals_entry_roost, special_room
          [special_room_bee], beast_lair_carwin_3, lemuel_fruit_fields,
          uniq_sonja

Skill      XL: |  1  2  3  4  5  6  7  8  9 10 11 12 13 |
---------------+----------------------------------------+-----
Ranged Weapons | 3 4 5 6 8 9 10 12 14 15 | 15.5
Fighting       | 2 3 4 5 7 8 9 10 | 10.0
Armour         | 2 3 4 5 6 |  6.0
Invocations    | 4 5 9 10 | 10.0
Dodging        | 2 4 5 6 7 |  7.1
Spellcasting   | |  1.0
Hexes          | |  2.6

Action                     |  1- 3 |  4- 6 |  7- 9 | 10-12 | 13-15 || total
---------------------------+-------+-------+-------+-------+-------++-------
   Fire: Sling             |   167 |   268 |     7 |       |       ||   442
         Arbalest          |       |       |   302 |   656 |    80 ||  1038
 Invoke: Heroism           |       |       |    18 |    24 |     4 ||    46
         Finesse           |       |       |       |     1 |     1 ||     2
    Use: Scroll            |     4 |     7 |     6 |     5 |       ||    22
         Potion            |     1 |     2 |     3 |       |       ||     6
 Armour: Robe              |    10 |       |    14 |       |       ||    24
         Leather armour    |    43 |       |       |       |       ||    43
         Ring mail         |       |   109 |    37 |       |       ||   146
         Steam dragon scal |       |       |    41 |   223 |    13 ||   277
  Dodge: Dodged            |    64 |   119 |   232 |  1120 |    61 ||  1596
  Block: Other             |       |       |       |   188 |    15 ||   203
         Reflection        |       |       |       |     1 |       ||     1

Table legend:
 A = Non-vault XP
 B = Vault XP
 C = Vault XP percentage of total XP
 D = Non-vault monster count
 E = Vault monster count
 F = Vault count percentage of total count
                 A         B        C        D         E       F
            +---------+---------+-------+---------+---------+-------
      Total |   30487 |    9478 |  23.7 |     313 |      69 |  18.1
            +---------+---------+-------+---------+---------+-------
        D:1 |      22 |       7 |  24.1 |      13 |       4 |  23.5
        D:2 |      42 |      14 |  25.0 |      18 |       7 |  28.0
        D:3 |     118 |      27 |  18.6 |      14 |       8 |  36.4
        D:4 |     250 |     172 |  40.8 |      24 |       1 |   4.0
        D:5 |     568 |     673 |  54.2 |      18 |       1 |   5.3
        D:6 |     876 |       0 |   0.0 |      20 |       0 |   0.0
        D:7 |    1068 |       0 |   0.0 |      22 |       0 |   0.0
        D:8 |    1508 |       0 |   0.0 |      41 |       0 |   0.0
        D:9 |    1793 |       0 |   0.0 |      28 |       0 |   0.0
       D:10 |    1613 |       0 |   0.0 |      19 |       0 |   0.0
       D:11 |    3306 |    2276 |  40.8 |      13 |       5 |  27.8
     Lair:1 |    7217 |    1190 |  14.2 |      34 |       2 |   5.6
     Lair:2 |   12106 |    5045 |  29.4 |      49 |      30 |  38.0
      Sewer |       0 |      74 | 100.0 |       0 |      11 | 100.0
            +---------+---------+-------+---------+---------+-------
